cohdb
Replays
Latest Replays
All Replays
Popular Replays
Top Player Replays
Match Explorer
How It Works
Community
CoH3 Stats
Reddit
Sign in to upload your games and track your stats! →
Sign in with Steam
Match 25303702
Unlisted
Match 25303702
Overview
Messages
Build Orders
End
Construct Barracks
Selects Airborne Battlegroup
Selects Heavy Machine Gun Paradrop
Riflemen Squad
Heavy Machine Gun Paradrop
Riflemen Squad
Heavy Machine Gun Paradrop
Selects Paratrooper Squad Paradrop
Grenade Package
Infantry Support Center
Construct Medical Station
Selects Smoke Bombing Run
Paratrooper Squad Paradrop
Smoke Bombing Run
Paratrooper Squad Paradrop
Soapp5
星星和雨的夜
MonoChrome
paul4625
Papabear
DaMerkKid
0
0
Comments
sign in to comment!
No comments posted yet!